 Dungeon Crawl Stone Soup version 0.30-a0-777-ga9a30cbeda (webtiles) character file.

Game seed: 11329668258376767379

34 BubbleThief the Grave Robber (level 3, 22/24 HPs)
             Began as a Demonspawn Necromancer on Feb 15, 2023.
             Quit the game on level 2 of the Dungeon.
             The game lasted 00:02:05 (1030 turns).

BubbleThief the Grave Robber (DsNe)                 Turns: 1030, Time: 00:02:06

Health: 22/24      AC:  2    Str: 10    XL:     3   Next: 14%
Magic:  1/7        EV: 12    Int: 16    God:
Gold:   50         SH:  0    Dex: 13    Spells: 6/7 levels left

rFire   . . .      SeeInvis .    g - +0 dagger
rCold   . . .      Faith    .    (no shield)
rNeg    . . .      Spirit   .    a - +0 robe
rPois   .          Reflect  .    (helmet restricted)
rElec   .          Harm     .    (no cloak)
rCorr   .          Rampage  .    (no gloves)
Will    .....                    (no boots)
Stlth   ++                       (no amulet)
HPRegen 0.24/turn                (no ring)
MPRegen 0.10/turn                (no ring)

@: no status effects
A: antennae 1, hooves 1
a: no special abilities


You were on level 2 of the Dungeon.
You visited 1 branch of the dungeon, and saw 2 of its levels.

You collected 50 gold pieces.

Inventory:

Hand Weapons
 g - a +0 dagger (weapon)
Armour
 a - a +0 robe (worn)
 f - a +0 helmet
Scrolls
 c - a scroll of magic mapping {unknown}
Potions
 b - a potion of magic
 d - a potion of heal wounds {unknown}
 e - a potion of flight {unknown}


   Skills:
 - Level 1.7 Dodging
 - Level 1.7 Stealth
 + Level 2.8 Spellcasting
 + Level 5.0 Necromancy


You had 6 spell levels left.
You knew the following spells:

 Your Spells              Type           Power      Damage    Failure   Level
a - Necrotise             Necr           72%        1d7       2%          1

Your spell library contained the following spells:

 Spells                   Type           Power      Damage    Failure   Level
 Vampiric Draining        Necr           18%        2d7       7%          3
 Magic Dart               Conj           8%         1d3       19%         1
 Sandblast                Erth           4%         2d4       19%         1
 Animate Dead             Necr           18%        N/A       24%         4
 Call Imp                 Summ           2%         N/A       28%         2
 Passwall                 Tmut/Erth      1%         N/A       28%         2
 Dazzling Flash           Conj/Hex       4%         N/A       50%         3
 Mephitic Cloud           Conj/Pois/Air  2%         N/A       50%         3
 Stone Arrow              Conj/Erth      4%         3d7       50%         3
 Agony                    Necr           18%        N/A       54%         5
 Silence                  Hex/Air        1%         N/A       99%         5


Dungeon Overview and Level Annotations

Branches:
Dungeon (2/15)

Altars:


Innate Abilities, Weirdness & Mutations

You have a pair of small antennae on your head.
You have large cloven feet.


Message History

You kill the endoplasm!
You pick up a book of the Senses and begin reading...
You add the spells Dazzling Flash and Silence to your library.
Your quokka skeleton crumbles into dust!
Your frilled lizard skeleton crumbles into dust!
Your ball python skeleton crumbles into dust!
The great orb of eyes turns its gaze towards you.
Found a faded altar of an unknown god.
An adder comes into view.
The eye of devastation turns its gaze towards you.
An adder is nearby!
Aiming: Necrotise (safe; 2% risk of failure)
Press: ? - help, Q - select action Shift-Dir - straight line, f - adder
Aim: an adder (wandering, hasn't noticed you, chance to affect: 81%)
The adder hisses angrily.
The adder writhes in agony.
Aiming: Necrotise (safe; 2% risk of failure)
Press: ? - help, Q - select action Shift-Dir - straight line, f/p - adder
Aim: an adder (moderately wounded, chance to affect: 81%)
The adder writhes in agony!
The adder bites you.
Aiming: Necrotise (safe; 2% risk of failure)
Press: ? - help, Q - select action Shift-Dir - straight line, f/p - adder
Aim: an adder (almost dead, chance to affect: 81%)
The adder barely resists.
The adder barely misses you.
Aiming: Necrotise (safe; 2% risk of failure)
Press: ? - help, Q - select action Shift-Dir - straight line, f/p - adder
Aim: an adder (severely wounded, chance to affect: 81%)
The adder writhes in agony!
You kill the adder!
The dead are slithering!
Your Necromancy skill increases to level 5!
You have reached level 3!
Your experience leads to an increase in your attributes!
Increase (S)trength, (I)ntelligence, or (D)exterity?
You feel stronger. x2; Your demonic ancestry asserts itself...
A pair of antennae grows on your head!
Your +0 helmet falls away!
Are you sure you want to abandon this character and quit the game? (Confirm with "yes".)

. ##. #####. #..
..... #.###...###
##.#G#...#G#
..###..###...###.
..........?......
.###....@._.....
##...........
##.###...###.
#..#G#.Z.#G#
#..###...###
#.#.######..........
................####
#.#.###.#########
#.#


You could see 2 great orbs of eyes, an eye of devastation, a floating eye and a
friendly adder skeleton.

Vanquished Creatures
  An adder (D:2)
  2 dart slugs (D:1)
  4 endoplasms
  A giant cockroach (D:1)
  2 hobgoblins (D:1)
  2 jackals (D:1)
  A quokka (D:2)
  A ball python (D:2)
  A frilled lizard (D:2)
  A goblin (D:1)
  2 kobolds (D:1)
  A rat (D:1)
19 creatures vanquished.

Vanquished Creatures (collateral kills)
  A jackal (D:1)
1 creature vanquished.

Grand Total: 20 creatures vanquished

Notes
Turn   | Place    | Note
-------+----------+-------------------------------------------
     0 | D:1      | BubbleThief the Demonspawn Necromancer began the quest for
                  | the Orb.
     0 | D:1      | Reached XP level 1. HP: 13/13 MP: 3/3
   206 | D:1      | Discovered your monstrous ancestry.
   206 | D:1      | Gained mutation: You have large cloven feet. [demonic
                  | ancestry]
   206 | D:1      | Reached XP level 2. HP: 19/19 MP: 0/5
  1018 | D:2      | Noticed a great orb of eyes
  1020 | D:2      | Found a faded altar of an unknown god.
  1022 | D:2      | Noticed an eye of devastation
  1022 | D:2      | Noticed a great orb of eyes
  1022 | D:2      | Noticed a floating eye
  1030 | D:2      | Reached skill level 5 in Necromancy
  1030 | D:2      | Gained mutation: You have a pair of small antennae on your
                  | head. [demonic ancestry]
  1030 | D:2      | Reached XP level 3. HP: 22/24 MP: 1/7
  1030 | D:2      | Quit the game

Illustrated notes

Levels and vault maps discovered:
D:1:      grunt_arrival_crossed_arrows, layout_basic, minmay_misc_feat_chi,
          dreamdust_princess_corridor, serial_bayou_pond_a
D:2:      layout_loops_ring, hellmonk_ecumenical_altar_watching_god,
          minmay_lizard_king, uniq_crazy_yiuf_cottage

Skill      XL: |  1  2 |
---------------+-------+-----
Necromancy     | 5 |  5.0
Dodging        | |  1.7
Stealth        | |  1.7
Spellcasting   | |  2.8

Action                     || total
---------------------------++-------
  Melee: Unarmed           ||    16
         Kick              ||     4
   Cast: Necrotise         ||    30
   Stab: Distracted        ||     1
 Armour: Robe              ||     4
  Dodge: Dodged            ||    15

Table legend: (Time is in decaauts)
 A = Elapsed time spent in this place.
 B = Non-inter-level travel time spent in this place.
 C = Inter-level travel time spent in this place.
 D = Time resting spent in this place.
 E = Time spent auto-exploring this place.
 F = Levels seen in this place.
 G = Mean time per level.
                   A        B        C        D        E       F      G
               +--------+--------+--------+--------+--------+-----+--------+
         Total |   1029 |    999 |     30 |      6 |    836 |   2 |  514.5 |
       Dungeon |   1029 |    999 |     30 |      6 |    836 |   2 |  514.5 |
               +--------+--------+--------+--------+--------+-----+--------+

Top non-repeatable levels by time:
     D:1: 928 daAuts
     D:2: 100 daAuts
